 Dungeon Crawl Stone Soup version 0.31-a0-819-gf6de2f5ab6 (webtiles) character file.

Game seed: 9177047144812042459

3108 mandarbmax the Carver (level 9, 0/73 (79) HPs)
             Began as a Green Draconian Monk on Sept 19, 2023.
             Was an Elder of Fedhas.
             Slain by a gnoll sergeant
             ... wielding a +0 trident of distortion
              (8 damage)
             ... on level 7 of the Dungeon on Sept 24, 2023.
             The game lasted 00:21:00 (5352 turns).

mandarbmax the Carver (Green Draconian Monk)        Turns: 5352, Time: 00:21:00

HP:   0/73 (79)     AC: 11    Str: 13    XL:     9   Next: 60%
MP:   13/13         EV: 16    Int: 10    God:    Fedhas [****..]
Gold: 405           SH:  0    Dex: 19    Spells: 8/8 levels left

rFire   . . .        a - +0 falchion
rCold   . . .        c - orb {light}
rNeg    . . .        (body armour unavailable)
rPois   +            r - +1 hat
rElec   .            (no cloak)
rCorr   .            w - +2 pair of gloves
SInv    .            (no boots)
Will    .....        y - amulet of faith
Stlth   +            (no ring)
HPRegen 0.32/turn    (no ring)
MPRegen 0.13/turn

%: faith
@: about to teleport, short of breath, glowing, drained
A: breathe noxious fumes, AC +7, unfitting armour, poison resistance,
cold-blooded
a: Breathe Noxious Fumes, Renounce Religion, Wall of Briars, Grow
Ballistomycete, Overgrow


You were on level 7 of the Dungeon.
You worshipped Fedhas.
Fedhas was greatly pleased with you.
You visited 1 branch of the dungeon, and saw 7 of its levels.

You collected 486 gold pieces.
You spent 81 gold pieces at shops.

Inventory:

Hand Weapons
 a - a +0 falchion (weapon)
Missiles
 j - 5 boomerangs
 k - 6 curare-tipped darts
 l - 23 poisoned darts
Armour
 c - an orb of light (worn)
 r - a +1 hat (worn)
 w - a +2 pair of gloves (worn)
Jewellery
 y - an amulet of faith (around neck)
Talismans
 o - a talisman of death
Wands
 n - a wand of paralysis (10)
 u - a wand of flame (18)
 x - a wand of acid (11)
Scrolls
 e - a scroll of teleportation
 f - 2 scrolls of revelation
 i - a scroll of silence
 m - 5 scrolls of fog
 p - 2 scrolls of noise
 q - 2 scrolls of immolation
 t - 3 scrolls of fear
 A - 3 scrolls of enchant weapon {unknown}
 B - a scroll of identify
Potions
 b - 2 potions of ambrosia
 d - 2 potions of curing
 g - 2 potions of cancellation
 h - 2 potions of enlightenment
 s - 2 potions of mutation {unknown}
 v - 2 potions of haste
 z - a potion of might {unknown}


   Skills:
 + Level 7.5 Fighting
 * Level 9.3 Long Blades
 + Level 6.3 Dodging
 + Level 5.6 Invocations


You had 8 spell levels left.
You didn't know any spells.
Your spell library contained the following spells:

 Spells                   Type           Power      Damage    Failure   Level
 Ensorcelled Hibernation  Hex/Ice        0%         N/A       50%         2
 Jinxbite                 Hex            0%         N/A       50%         2
 Sublimation of Blood     Necr           0%         N/A       50%         2
 Anguish                  Hex/Necr       0%         N/A       98%         4
 Petrify                  Tmut/Erth      0%         N/A       98%         4
 Irradiate                Conj/Tmut      0%         3d11      100%        5


Dungeon Overview and Level Annotations

Branches:
Dungeon (7/15)             Temple (0/1) D:5

Altars:
Ashenzari
Cheibriados
Elyvilon
Fedhas
Sif Muna
Vehumet
Wu Jian
Zin

Shops:
D:2 [   D:3 [   D:4 *   D:6 [

Annotations:
D:7 1 runed translucent door, Crazy Yiuf


Innate Abilities, Weirdness & Mutations

You can breathe blasts of noxious fumes.
Your lurid green scales are hard. (AC +7)
You cannot fit into any form of body armour.
Your system is resistant to poisons. (rPois)
You are cold-blooded and may be slowed by cold attacks.


Message History

The gnoll barely misses you.
Unknown command.
You slash the gnoll!
You kill the gnoll!
Fedhas appreciates your contribution to the ecosystem.
The gnoll sergeant closely misses you.
You hit the gnoll sergeant but do no damage.
You tail-slap the gnoll sergeant, but do no damage.
The wight hits you with a +3 mace.
You feel drained. The gnoll sergeant closely misses you.
You hit the gnoll sergeant.
You tail-slap the gnoll sergeant, but do no damage.
The gnoll sergeant is moderately wounded.
The wight hits you with a +3 mace. The gnoll sergeant misses you.
You hit the gnoll sergeant.
You tail-slap the gnoll sergeant, but do no damage.
The gnoll sergeant is moderately wounded.
The wight hits you with a +3 mace!
You feel drained.
* * * LOW HITPOINT WARNING * * *
The gnoll sergeant closely misses you.
You completely miss the gnoll sergeant.
The gnoll sergeant is moderately wounded.
As you read the scroll of teleportation, it crumbles to dust.
You feel strangely unstable. The wight hits you with a +3 mace!
* * * LOW HITPOINT WARNING * * *
You feel drained.
* * * LOW HITPOINT WARNING * * *
The gnoll sergeant misses you.
Unknown command.
Okay, then.
Okay, then.
You feel better.
The gnoll sergeant hits you but does no damage.
Space warps around you.
* * * LOW HITPOINT WARNING * * *
Unknown command.
The wight attacks as it pursues you! The wight hits you but does no damage.
The gnoll sergeant hits you from afar with a +0 trident of distortion!
You die...
Fedhas appreciates your contribution to the ecosystem.

####...........≈....
#..............≈§≈§_
#...........)..≈.≈z.
#......#####)..≈.≈≈≈
#......# #.)...≈....
#......# #.....≈≈≈≈≈
#..)...# #.zg.......
######......#
#...)....##
............#
#.@z.......
######......#
#........## #......#
#........# #......#
#........#
######.######
#........# .......#
#........# ########
#........# ..#
########## ###


You could see a gnoll sergeant and 3 wights.

Vanquished Creatures
  The ghost of GreenGuy14 the Cleaver, a novice MiFi of Fedhas (D:6)
  Maggie (D:7)
  Grinder (D:3)
  Prince Ribbit (D:5)
  Menkaure (D:6)
  2 ice beasts (D:6)
  A black bear (D:6)
  An ogre (D:5)
  2 phantoms
  2 kobold brigands
  2 bullfrogs
  A gnoll sergeant (D:7)
  4 scorpions
  A wight (D:7)
  A howler monkey (D:5)
  4 electric eels (D:3)
  An orc priest (D:3)
  2 hounds (D:5)
  2 jellies (D:6)
  Terence (D:2)
  An iguana (D:5)
  The ghost of cforsyth the Sneak, a weakling DjDe (D:6)
  9 gnolls (D:7)
  10 adders
  A shadow imp (D:7)
  2 white imps
  3 ufetubi (D:5)
  2 worms
  3 dart slugs
  11 orcs
  8 endoplasms
  2 giant cockroaches
  5 goblins
  7 hobgoblins
  5 quokkas
  15 ball pythons
  5 bats
  5 frilled lizards
  16 kobolds
  5 rats
148 creatures vanquished.

Vanquished Creatures (collateral kills)
  5 ballistomycete spores (D:6)
5 creatures vanquished.

Vanquished Creatures (others)
  A sleepcap (D:5)
  An orc (D:6)
2 creatures vanquished.

Grand Total: 155 creatures vanquished

Notes
Turn   | Place    | Note
-------+----------+-------------------------------------------
     0 | D:1      | mandarbmax the Draconian Monk began the quest for the Orb.
     0 | D:1      | Reached XP level 1. HP: 19/19 MP: 1/1
   158 | D:1      | Reached XP level 2. HP: 25/26 MP: 2/2
   562 | D:2      | Noticed a phantom
   578 | D:2      | Killed a phantom
   579 | D:2      | Reached skill level 4 in Long Blades
   579 | D:2      | Reached XP level 3. HP: 12/33 MP: 3/3
   579 | D:2      | Reached XP level 4. HP: 15/40 MP: 4/4
   849 | D:2      | Noticed Terence
   867 | D:2      | Killed Terence
  1023 | D:2      | Reached XP level 5. HP: 46/46 MP: 5/5
  1086 | D:2      | Found Ruczypp's Antique Armour Shop.
  1339 | D:3      | Found a transporter.
  1340 | D:3      | Found a transporter.
  1502 | D:3      | Reached skill level 5 in Long Blades
  1605 | D:3      | Reached XP level 6. HP: 49/53 MP: 6/6
  1688 | D:3      | Found a faded altar of an unknown god.
  1692 | D:3      | Prayed at the altar of an unknown god.
  1692 | D:3      | Became a worshipper of Fedhas Madash
  1692 | D:3      | Reached * piety under Fedhas
  1692 | D:3      | Reached ** piety under Fedhas
  1986 | D:3      | Reached *** piety under Fedhas
  2093 | D:3      | Found a white marble altar of Elyvilon.
  2131 | D:3      | Noticed Grinder
  2145 | D:3      | Killed Grinder
  2146 | D:3      | Reached skill level 5 in Fighting
  2146 | D:3      | Reached skill level 6 in Long Blades
  2146 | D:3      | Reached skill level 1 in Invocations
  2146 | D:3      | Your scales start taking on a lurid green colour.
  2146 | D:3      | Reached XP level 7. HP: 30/61 MP: 6/8
  2146 | D:3      | Gained mutation: Your system is resistant to poisons.
                  | (rPois) [Green Draconian growth]
  2269 | D:3      | Found Keifripaugg's Antique Armour Emporium.
  2329 | D:3      | Found a radiant altar of Vehumet.
  2382 | D:4      | Found Quik's Assorted Antiques.
  2467 | D:4      | Bought a scroll labelled VIDEMI CONGITHEK for 27 gold
                  | pieces
  2467 | D:4      | Bought a scroll labelled ESAOSM BUSA for 27 gold pieces
  2467 | D:4      | Bought a scroll labelled ESAOSM BUSA for 27 gold pieces
  2747 | D:4      | Found a broken altar of Ashenzari.
  2853 | D:5      | Entered Level 5 of the Dungeon
  3088 | D:5      | Found a snail-covered altar of Cheibriados.
  3304 | D:5      | Noticed Prince Ribbit
  3316 | D:5      | Killed Prince Ribbit
  3317 | D:5      | Reached XP level 8. HP: 42/70 MP: 8/10
  3322 | D:5      | Reached skill level 7 in Long Blades
  3421 | D:5      | Found a shimmering blue altar of Sif Muna.
  3432 | D:5      | Reached **** piety under Fedhas
  3482 | D:5      | Reached skill level 5 in Dodging
  3595 | D:5      | Found a staircase to the Ecumenical Temple.
  3616 | D:5      | Found a glowing silver altar of Zin.
  3938 | D:6      | Noticed Menkaure
  3940 | D:6      | Killed Menkaure
  4050 | D:6      | Found a runed translucent gate.
  4051 | D:6      | Found a runed translucent gate.
  4051 | D:6      | Found a runed translucent gate.
  4051 | D:6      | Noticed GreenGuy14's ghost (novice MiFi)
  4052 | D:6      | Noticed cforsyth's ghost (weakling DjDe)
  4115 | D:6      | Reached skill level 8 in Long Blades
  4123 | D:6      | Upgraded the game from 0.31-a0-795-g5eb97db20b to
                  | 0.31-a0-819-gf6de2f5ab6
  4275 | D:6      | Reached XP level 9. HP: 62/78 MP: 12/12
  4406 | D:6      | Found Nifainad's Antique Armour Shop.
  4698 | D:6      | Killed cforsyth's ghost
  4700 | D:6      | Killed GreenGuy14's ghost
  4701 | D:6      | Reached skill level 5 in Invocations
  4885 | D:7      | Reached skill level 9 in Long Blades
  5138 | D:7      | Found a runed translucent door.
  5139 | D:7      | Noticed Crazy Yiuf
  5263 | D:7      | Noticed Maggie
  5291 | D:7      | Killed Maggie
  5337 | D:7      | Found an ornate altar of the Wu Jian Council.
  5352 | D:7      | Slain by a gnoll sergeant

Illustrated notes

Levels and vault maps discovered:
D:1:      roderic_crop_circles_arrival_small, layout_rooms, minmay_pentomino_u4
D:2:      layout_basic, serial_shops, nicolae_shop_statue_plus, uniq_terence
D:3:      gammafunk_steamed_eel, layout_rooms, vehumet_crystals,
          nicolae_overflow_hidden_temple, serial_corexii_hall,
          corexii_hall_statues_s, corexii_hall_statues_x,
          shapermc_ecumenical_altar_acropolis, serial_shops,
          nicolae_shop_pleasant_corner_grove, uniq_grinder
D:4:      layout_rooms, amcnicky_altar_gilded, serial_shops,
          nicolae_shop_tiny_statue_garden
D:5:      layout_gridville, lemuel_coloured_pillars_altar,
          nicolae_sif_muna_condensation, lemuel_doored_altar,
          minmay_temple_entry_tees, minmay_increasing_density,
          uniq_prince_ribbit1
D:6:      layout_cave_pools, gammafunk_ghost_cemetery, serial_shops, shop,
          uniq_menkaure
D:7:      minmay_chambers_of_sixes, layout_basic,
          mainiacjoe_overflow_concentric_impassable, uniq_maggie,
          uniq_crazy_yiuf_cottage

Skill      XL: |  1  2  3  4  5  6  7  8  9 |
---------------+----------------------------+-----
Fighting       | 4 5 6 7 |  7.5
Long Blades    | 4 5 6 8 9 |  9.3
Dodging        | 3 4 5 6 |  6.3
Invocations    | 1 3 4 5 |  5.6

Action                     |  1- 3 |  4- 6 |  7- 9 || total
---------------------------+-------+-------+-------++-------
  Melee: Falchion          |    51 |   117 |   249 ||   417
         Tailslap          |     5 |    21 |    62 ||    88
  Throw: Dart              |       |       |    15 ||    15
 Invoke: Wall of Briars    |       |       |     1 ||     1
         Grow Ballistomyce |       |       |     1 ||     1
Ability: Breathe Noxious F |       |       |    19 ||    19
  Evoke: Wand              |       |    10 |    14 ||    24
    Use: Scroll            |       |     6 |     7 ||    13
         Potion            |       |       |     1 ||     1
   Stab: Confused          |       |       |    11 ||    11
 Armour: Skin              |    23 |    64 |   114 ||   201
  Dodge: Dodged            |    24 |    79 |   178 ||   281

Table legend: (Time is in decaauts)
 A = Elapsed time spent in this place.
 B = Non-inter-level travel time spent in this place.
 C = Inter-level travel time spent in this place.
 D = Time resting spent in this place.
 E = Time spent auto-exploring this place.
 F = Levels seen in this place.
 G = Mean time per level.
                   A        B        C        D        E       F      G
               +--------+--------+--------+--------+--------+-----+--------+
         Total |   5354 |   5237 |    117 |    451 |   3804 |   7 |  764.9 |
       Dungeon |   5354 |   5237 |    117 |    451 |   3804 |   7 |  764.9 |
               +--------+--------+--------+--------+--------+-----+--------+

Top non-repeatable levels by time:
     D:5: 1081 daAuts
     D:6: 1069 daAuts
     D:3: 1053 daAuts
     D:2: 806 daAuts
     D:1: 540 daAuts
     D:4: 474 daAuts
     D:7: 327 daAuts
